[Event "Romanian Superliga 2024"]
[Site "Mamaia"]
[Date "2024.09.29"]
[Round "2.1"]
[White "Baranciuc, Alexandr"]
[Black "Lashkin, Jegor"]
[Result "0-1"]
[ECO "E04"]
[WhiteElo "2333"]
[BlackElo "2472"]
[Annotator "TA"]
[PlyCount "126"]
[EventDate "2024.09.26"]
[EventType "team-tourn"]
[EventCountry "ROU"]
[SourceTitle "playchess.com"]
[Source "ChessBase"]
[SourceQuality "1"]
[TimeControl "40/5400+30:1800+30"]

1. d4 Nf6 2. c4 e6 3. Nf3 d5 4. g3 dxc4 5. Bg2 Nc6 6. O-O Rb8 7. e3 b5 {[%emt 0:00:34] 7...Be7 is the fancy move.} 8. b3 {[%emt 0:00:30] E04: Open Catalan: 5 Nf3.} cxb3 9. axb3 Bb7 10. Ne5 $146 ({Predecessor:} 10. Bb2 Be7 11. Qe2 a6 12. Rc1 O-O 13. Ne1 Nb4 14. Bxb7 Rxb7 15. Na3 Qd5 16. Nac2 Qxb3 17. Nxb4 Bxb4 {0-1 Gorovets,A (2463)-Frolyanov,D (2485) Titled Tuesday intern op 18th Jul Early blitz 2023 (11)}) 10... Nxe5 11. dxe5 Nd7 12. Bb2 Bxg2 13. Kxg2 Bc5 14. Qc2 Qc8 15. Rd1 Qb7+ 16. Kg1 Be7 17. Nd2 O-O 18. Ne4 Rfd8 19. Bd4 c5 20. Bxc5 Qc6 21. Ra6 (21. Rac1 $17 {might work better.} Nxc5 (21... Bxc5 22. Rd6 $11) 22. Rxd8+ Rxd8 23. Nxc5) 21... Qxa6 $19 22. Bxe7 Rdc8 23. Qe2 (23. Qb1 $17 Qc6 (23... Nxe5 24. Bd6 $15) 24. Ng5) 23... Qc6 $1 $19 (23... Nxe5 24. Bd6 Ng6 25. Bxb8 Rxb8 26. Qd3) 24. Rd4 Nxe5 (24... Qb7 $1 $19 25. Qd1 Nxe5) 25. Bd6 $17 f6 26. Bxb8 Rxb8 27. f4 Nf7 28. Qd3 a5 29. Nc3 (29. Qc3 $17 Qb6 30. Rd7) 29... h5 $19 30. Ne2 a4 31. bxa4 bxa4 32. Rc4 Qa6 33. Qc2 a3 34. Ra4 Qd6 35. Nd4 Nh6 (35... f5 $1 $19 {has better winning chances. And now ...Rb2 would win.} 36. Qc4 Rb1+ 37. Kg2 Rb2+ 38. Kh1 h4 39. gxh4 Qe7 40. Qxe6 Qxe6 (40... Qxh4 41. Ra8+ Kh7 42. Qxf5+ Kh6 43. Ra6+) 41. Nxe6 a2) 36. Qa2 {[%emt 0:00:06] [#]} (36. Nc6 $17 Rf8 37. Nd4) 36... Rb2 $1 $19 37. Qxa3 Rb1+ 38. Kg2 $2 (38. Kf2 {was the only chance.} Ng4+ 39. Ke2) 38... Qd5+ $19 39. Kh3 {[%emt 0:00:01] [#]} e5 $2 (39... Ng4 $1 $19 {[%cal Rg4f2] ( -> ...Nf2+)} 40. e4 (40. Ra8+ $2 Kh7 $19) 40... Qxe4) 40. Ra8+ $11 Kh7 41. Qd3+ e4 42. Qxb1 Qxa8 43. Qb5 Qc8+ 44. Kg2 h4 45. Qh5 hxg3 46. hxg3 Qg4 47. Qd5 f5 48. Qd8 Qd1 49. Qg5 Qd2+ 50. Kh3 Qc1 51. Kg2 Qc8 52. Kg1 Qd7 53. g4 fxg4 54. Qe5 g6 55. Qxe4 Nf5 56. Nxf5 gxf5 57. Qc2 Kg6 58. Qe2 Qc6 59. Kh2 Qe6 60. Kg3 Qe4 61. Kh2 Kh5 62. Kg3 $2 (62. Qb2 $11) 62... Qh1 63. Qc4 Qg1# 0-1

[Event "Romanian Superliga 2024"]
[Site "Mamaia"]
[Date "2024.09.29"]
[Round "2.2"]
[White "Ogleznev, Alexandr"]
[Black "Sapocinic, Semion"]
[Result "1-0"]
[ECO "B30"]
[WhiteElo "2301"]
[BlackElo "2219"]
[Annotator "RC"]
[PlyCount "105"]
[EventDate "2024.09.26"]
[EventType "team-tourn"]
[EventCountry "ROU"]
[SourceTitle "playchess.com"]
[Source "ChessBase"]
[SourceQuality "1"]
[TimeControl "40/5400+30:1800+30"]

1. e4 c5 2. Nf3 Nc6 3. Bb5 Nf6 4. Nc3 Qc7 5. O-O Nd4 6. Re1 a6 7. Bf1 Ng4 8. e5 Nxf3+ 9. Qxf3 Nxe5 10. Qh5 d6 11. f4 Nd7 12. Nd5 Qc6 13. c4 Nb6 14. Nxb6 Qxb6 15. b3 Bd7 16. Bb2 O-O-O 17. Qxf7 Be8 18. Qe6+ Bd7 19. Qe3 e5 20. fxe5 dxe5 21. Bxe5 Bd6 22. Bxg7 Rhg8 23. Be5 Rde8 24. Qc3 Qc7 25. Bxd6 Qxd6 26. Rxe8+ Rxe8 27. d3 Qf4 28. Re1 Rf8 29. Qb2 Bc6 30. Qe2 Qd4+ 31. Qe3 Qb2 32. Qe6+ Bd7 33. Qe2 Qa3 34. Qd2 Bc6 35. Re2 Kb8 36. Rf2 Rd8 37. Be2 a5 38. Bf3 Bxf3 39. Rxf3 a4 40. bxa4 Qxa4 41. Qf4+ Ka8 42. h3 Qd7 43. Kh2 Ka7 44. Qe5 Rc8 45. Rg3 Rc7 46. Rg8 Kb6 47. Rg3 Ka7 48. a4 Rc8 49. a5 Qa4 50. Rg7 Qxa5 51. Rxh7 Rd8 52. Rc7 Rxd3 53. Rxc5 1-0

[Event "Romanian Superliga 2024"]
[Site "Mamaia"]
[Date "2024.09.29"]
[Round "2.3"]
[White "Tamas, Christian-Arrydan"]
[Black "Vavric, Pavel"]
[Result "1-0"]
[ECO "E95"]
[WhiteElo "2137"]
[BlackElo "2285"]
[Annotator "RC"]
[PlyCount "69"]
[EventDate "2024.09.26"]
[EventType "team-tourn"]
[EventCountry "ROU"]
[SourceTitle "playchess.com"]
[Source "ChessBase"]
[SourceQuality "1"]
[TimeControl "40/5400+30:1800+30"]

1. d4 Nf6 2. c4 g6 3. Nc3 Bg7 4. e4 d6 5. Nf3 O-O 6. Be2 Nbd7 7. O-O e5 8. Re1 Re8 9. Bf1 h6 10. h3 exd4 11. Nxd4 Nc5 12. f3 c6 13. Be3 Kh7 14. Qd2 Bd7 15. Rad1 Qc7 16. Nc2 Re6 17. b4 Na6 18. b5 Nc5 19. bxc6 bxc6 20. Nd4 Re7 21. Nb3 Nxb3 22. axb3 Re6 23. c5 dxc5 24. Bc4 Qa5 25. Bxe6 Bxe6 26. Na4 Qxd2 27. Rxd2 c4 28. bxc4 Bxc4 29. Rb1 Bb5 30. Nc3 Bc4 31. Rb7 a5 32. Na4 Kg8 33. Nb6 Ba6 34. Nxa8 Bxb7 35. Nc7 1-0

[Event "Romanian Superliga 2024"]
[Site "Mamaia"]
[Date "2024.09.29"]
[Round "2.4"]
[White "Sachilaru, Alexandru"]
[Black "Dodoi, Matei-Teodor"]
[Result "1-0"]
[ECO "B68"]
[WhiteElo "2265"]
[BlackElo "2091"]
[Annotator "RC"]
[PlyCount "119"]
[EventDate "2024.09.26"]
[EventType "team-tourn"]
[EventCountry "ROU"]
[SourceTitle "playchess.com"]
[Source "ChessBase"]
[SourceQuality "1"]
[TimeControl "40/5400+30:1800+30"]

1. e4 c5 2. Nf3 d6 3. d4 cxd4 4. Nxd4 Nf6 5. Nc3 Nc6 6. Bg5 e6 7. Qd2 a6 8. O-O-O Bd7 9. f4 Be7 10. Nf3 b5 11. e5 b4 12. exf6 bxc3 13. Qxc3 gxf6 14. Bh4 d5 15. Bd3 Nb4 16. Kb1 Rc8 17. Qd2 Qb6 18. Bf2 Qb7 19. Rhe1 Rb8 20. Bd4 Nc6 21. Bc3 a5 22. Ka1 a4 23. Nd4 Na5 24. Rb1 Nc6 25. a3 Qb6 26. Bb5 Nxd4 27. Bxd7+ Kxd7 28. Bxd4 Qb5 29. Re3 Rhc8 30. Rh3 Qc4 31. Rxh7 Qxc2 32. Qxc2 Rxc2 33. Rxf7 Rf8 34. Rg7 Ke8 35. Re1 Rc6 36. h4 Rf7 37. Rg6 Rc4 38. Bc3 Kd7 39. g3 d4 40. Bd2 Rc2 41. Ba5 e5 42. h5 Rh2 43. h6 Bf8 44. Rc1 Bxh6 45. Rc7+ Ke6 46. Rxh6 Rxc7 47. Rxh2 Rc1+ 48. Ka2 e4 49. Rd2 Kd5 50. Bb6 d3 51. g4 Kc4 52. g5 fxg5 53. fxg5 Rf1 54. Rg2 Rf7 55. g6 Rg7 56. Be3 Kd5 57. Bh6 Rg8 58. g7 Kd4 59. Rf2 e3 60. Rf8 1-0

[Event "Romanian Superliga 2024"]
[Site "Mamaia"]
[Date "2024.09.29"]
[Round "2.5"]
[White "Sabarez, Iulian"]
[Black "Patrascu, Catalin-Lucian"]
[Result "0-1"]
[ECO "B50"]
[WhiteElo "2051"]
[BlackElo "2298"]
[Annotator "RC"]
[PlyCount "98"]
[EventDate "2024.09.26"]
[EventType "team-tourn"]
[EventCountry "ROU"]
[SourceTitle "playchess.com"]
[Source "ChessBase"]
[SourceQuality "1"]
[TimeControl "40/5400+30:1800+30"]

1. e4 c5 2. Nf3 d6 3. c3 Nf6 4. Be2 Bd7 5. e5 dxe5 6. Nxe5 Nc6 7. Nxd7 Qxd7 8. d3 e6 9. Nd2 Be7 10. Nf3 O-O 11. Be3 Rad8 12. Qc2 Nd5 13. O-O Qc7 14. Rad1 b6 15. d4 cxd4 16. cxd4 Qd6 17. a3 Rc8 18. Qb1 f5 19. Bc4 Bf6 20. Rfe1 h6 21. h4 Rc7 22. Qa2 Nce7 23. Bd2 Kh7 24. Re2 Ng6 25. g3 Qc6 26. Ne5 Bxe5 27. Bxd5 exd5 28. dxe5 Re8 29. Bc3 Rd7 30. Qb1 Qe6 31. g4 Rf8 32. Bb4 Rff7 33. h5 Nf4 34. Re3 Kg8 35. Rc1 Rd8 36. Qc2 d4 37. Ree1 fxg4 38. Rf1 Nh3+ 39. Kg2 Qd5+ 40. f3 Rxf3 41. Qc4 Rf2+ 42. Kg3 Qxc4 43. Rxc4 Rxf1 44. e6 Nf4 45. e7 Re8 46. Kxg4 Nd5 47. Rxd4 Nxb4 48. axb4 Rxe7 49. b5 Re5 0-1

[Event "Romanian Superliga 2024"]
[Site "Mamaia"]
[Date "2024.09.29"]
[Round "2.6"]
[White "Popescu, Daniel-Vasilica"]
[Black "Costache, Andrei Eugeniu"]
[Result "1/2-1/2"]
[ECO "D38"]
[WhiteElo "1953"]
[BlackElo "1977"]
[Annotator "RC"]
[PlyCount "144"]
[EventDate "2024.09.26"]
[EventType "team-tourn"]
[EventCountry "ROU"]
[SourceTitle "playchess.com"]
[Source "ChessBase"]
[SourceQuality "1"]
[TimeControl "40/5400+30:1800+30"]

1. d4 Nf6 2. c4 e6 3. Nf3 d5 4. Nc3 Bb4 5. Bg5 h6 6. Bxf6 Qxf6 7. e3 c5 8. cxd5 exd5 9. Bb5+ Nc6 10. O-O Bxc3 11. bxc3 cxd4 12. cxd4 Bg4 13. Rc1 Rc8 14. Rc5 O-O 15. Be2 b6 16. Rc1 Qd6 17. h3 Bh5 18. Qa4 Na5 19. g4 Bg6 20. Ne5 Be4 21. Qd7 Qxd7 22. Nxd7 Rfd8 23. Ne5 f6 24. Nd3 Nc4 25. Nf4 g5 26. Nh5 Kf7 27. Ng3 Bg6 28. Rc3 b5 29. Bd3 b4 30. Bxg6+ Kxg6 31. Rd3 Nd6 32. Rb1 a5 33. a3 Rc4 34. axb4 axb4 35. Rdb3 Rb8 36. Kg2 Ne4 37. Nxe4 dxe4 38. Ra1 Rb6 39. Ra5 Kf7 40. Kg3 Ke6 41. f3 exf3 42. Kxf3 Kd6 43. Ke4 Rc7 44. Ra4 Rcb7 45. Ra1 Rc6 46. Rab1 Rcb6 47. Rc1 Rb5 48. Rc8 h5 49. Kd3 hxg4 50. hxg4 f5 51. gxf5 Rxf5 52. Rc4 Rfb5 53. Rc1 Ra5 54. Rcb1 Rab5 55. Kc4 R5b6 56. Rg1 Rc7+ 57. Kd3 Rg7 58. Rgb1 Rgb7 59. Rh1 Ke7 60. e4 Rf6 61. Rh7+ Rf7 62. Rxf7+ Kxf7 63. e5 g4 64. Ke4 Rb5 65. d5 Ke7 66. Kd4 Rb8 67. Kc4 Rb6 68. Kc5 Rb8 69. Kc4 Rb6 70. Kd4 Rb8 71. Ke4 Rb5 72. Kd4 Rb8 1/2-1/2

[Event "Romanian Superliga 2024"]
[Site "Mamaia"]
[Date "2024.09.29"]
[Round "2.7"]
[White "Petkov, Momchil"]
[Black "Kantor, Gergely"]
[Result "1-0"]
[ECO "D78"]
[WhiteElo "2540"]
[BlackElo "2537"]
[Annotator "RC"]
[PlyCount "117"]
[EventDate "2024.09.26"]
[EventType "team-tourn"]
[EventCountry "ROU"]
[SourceTitle "playchess.com"]
[Source "ChessBase"]
[SourceQuality "1"]
[TimeControl "40/5400+30:1800+30"]

1. Nf3 d5 2. g3 g6 3. Bg2 Bg7 4. d4 Nf6 5. c4 c6 6. O-O O-O 7. a4 Bf5 8. Nc3 dxc4 9. a5 Na6 10. Qa4 Nd5 11. Qxc4 Ndb4 12. e4 Bg4 13. Rd1 Nc2 14. Ra4 Be6 15. d5 cxd5 16. Nxd5 Rc8 17. Qf1 Bxd5 18. Rxd5 Qc7 19. Bf4 Qc6 20. b3 Nab4 21. Rb5 Bc3 22. e5 Qe6 23. Nd2 Rcd8 24. Ne4 Qxb3 25. Nc5 Qb2 26. Rxb7 Bxe5 27. Bxe5 Qxe5 28. Nd7 Qh5 29. Rb5 Qg4 30. Bh3 Qf3 31. Raxb4 Nxb4 32. Rxb4 Rfe8 33. Rd4 Qc3 34. Rd5 Rc8 35. Qe2 Rc6 36. Bg4 e6 37. Rd3 Qa1+ 38. Rd1 Qc3 39. Qf3 Kg7 40. Ne5 Qxf3 41. Bxf3 Rc5 42. Nc6 e5 43. Be4 Rc4 44. f3 f5 45. Rd7+ Kh6 46. Bd5 Rc1+ 47. Kf2 e4 48. fxe4 fxe4 49. Re7 Rf8+ 50. Ke3 Re1+ 51. Kd4 Rf2 52. Rxe4 Rd1+ 53. Kc5 a6 54. h4 Rb2 55. Bc4 Rc1 56. g4 Rb5+ 57. Kd6 Rd1+ 58. Kc7 Rc5 59. Kb6 1-0

[Event "Romanian Superliga 2024"]
[Site "Mamaia"]
[Date "2024.09.29"]
[Round "2.8"]
[White "Vanczak, Tamas"]
[Black "Stoyanov, Tsvetan"]
[Result "1/2-1/2"]
[ECO "B86"]
[WhiteElo "2401"]
[BlackElo "2471"]
[Annotator "TA"]
[PlyCount "67"]
[EventDate "2024.09.26"]
[EventType "team-tourn"]
[EventCountry "ROU"]
[SourceTitle "playchess.com"]
[Source "ChessBase"]
[SourceQuality "1"]
[TimeControl "40/5400+30:1800+30"]

1. e4 c5 2. Nf3 d6 3. d4 cxd4 4. Nxd4 Nf6 5. Nc3 a6 6. Bc4 e6 7. Be3 b5 8. Bb3 Be7 9. a3 O-O 10. g4 Bb7 11. f3 Nc6 12. g5 {[%emt 0:02:11] The position is equal.} Nd7 13. h4 Na5 $1 14. Qe2 Rc8 15. Rg1 Nxb3 (15... Ne5 $17 {Strongly threatening ...Nec4.} 16. h5 d5 17. exd5 exd5) 16. cxb3 $15 d5 17. exd5 b4 18. axb4 Bxb4 19. Nc6 (19. dxe6 $15 Nc5 20. exf7+ Rxf7 21. Rd1) 19... Bxc6 $17 20. dxc6 Rxc6 21. Rxa6 Rxa6 (21... Bxc3+ $17 22. bxc3 Rxc3) 22. Qxa6 $15 Qb8 23. Qa7 {[%emt 0:03:20] [#]} Qh2 $1 24. Qxd7 {[%emt 0:07:56] And now Rg4 would win.} Qxb2 25. Bd2 Bxc3 26. Bxc3 Qxc3+ $17 {[%emt 0:00:18][%mdl 4096] Endgame. KQR-KQR} 27. Kf2 Ra8 {[%emt 0:02:36] [#] White must now prevent ...Ra2+.} 28. Kg3 Qxb3 29. Rc1 {[%emt 0:01:09] Rc8+ would kill now.} Rf8 30. Rc8 {[%emt 0:01:41] Threatening mate with Rxf8+.} Qb4 31. Rxf8+ Qxf8 32. h5 $1 Qb8+ 33. Kg4 Qb4+ 34. f4 {[%emt 0:01:06] Weighted Error Value: White=0.13 (very precise) /Black=0.13 (very precise) .  Mistake:       	White=1     	Black=2      Inaccurate:     	White=2     	---        OK:         	White=7     	Black=7      Best:        	White=2     	Black=3      Strong:       	White=1     	Black=2} 1/2-1/2

[Event "Romanian Superliga 2024"]
[Site "Mamaia"]
[Date "2024.09.29"]
[Round "2.9"]
[White "Ghimpu, Samuel-Timotei"]
[Black "Anton, Teodor"]
[Result "1/2-1/2"]
[ECO "B48"]
[WhiteElo "2456"]
[BlackElo "2427"]
[Annotator "TA"]
[PlyCount "64"]
[EventDate "2024.09.26"]
[EventType "team-tourn"]
[EventCountry "ROU"]
[SourceTitle "playchess.com"]
[Source "ChessBase"]
[SourceQuality "1"]
[TimeControl "40/5400+30:1800+30"]

1. e4 c5 2. Nf3 Nc6 3. Nc3 e6 4. d4 cxd4 5. Nxd4 a6 6. a3 Qc7 7. Be3 b5 8. Nxc6 dxc6 9. Qg4 Nf6 10. Qg3 Qxg3 11. hxg3 e5 12. f3 Be6 13. a4 {[%emt 0:01:39][%cal Ra4b5] [#] aiming for axb5.} b4 14. Nb1 Nd7 15. a5 Bc5 16. Kf2 Ke7 17. Nd2 h6 18. Be2 Rhd8 19. Rhc1 Bxe3+ 20. Kxe3 Nc5 21. c3 (21. f4 $5) 21... Rxd2 {[%emt 0:09:01] The position is equal.} 22. Kxd2 Nb3+ 23. Ke3 bxc3 24. bxc3 Bc8 {[%emt 0:00:10] [#]} 25. Kd3 $1 Nxa1 26. Rxa1 $11 {[%emt 0:00:10][%mdl 4096] Endgame. KRB-KRB} Rb8 {[%emt 0:00:02] Prevents Rb1} 27. Kc2 f6 28. f4 Kd6 29. Rd1+ Ke7 30. Ra1 Kd6 31. Rd1+ Ke7 32. Ra1 Kd6 {[%emt 0:00:13] Weighted Error Value: White=0.05 (flawless) /Black=0.03 (flawless) .  OK:         	White=6     	Black=12     Best:        	---       	Black=1} 1/2-1/2

[Event "Romanian Superliga 2024"]
[Site "Mamaia"]
[Date "2024.09.29"]
[Round "2.11"]
[White "Gheorghiu, Calin"]
[Black "Cioara, Andrei-Nestor"]
[Result "1/2-1/2"]
[ECO "E55"]
[WhiteElo "2313"]
[BlackElo "2402"]
[Annotator "RC"]
[PlyCount "101"]
[EventDate "2024.09.26"]
[EventType "team-tourn"]
[EventCountry "ROU"]
[SourceTitle "playchess.com"]
[Source "ChessBase"]
[SourceQuality "1"]
[TimeControl "40/5400+30:1800+30"]

1. d4 Nf6 2. c4 e6 3. Nc3 Bb4 4. e3 O-O 5. Bd3 c5 6. Nf3 d5 7. O-O cxd4 8. exd4 dxc4 9. Bxc4 b6 10. Qe2 Bb7 11. Rd1 Qc7 12. Bd3 Bxc3 13. bxc3 Nbd7 14. c4 Rfe8 15. Ne5 Nxe5 16. dxe5 Qc6 17. f3 Nd7 18. Be4 Qc7 19. Bxb7 Qxb7 20. Ba3 Rac8 21. Rd4 Qc7 22. Bd6 Qc6 23. Rad1 Nc5 24. Rg4 Nb7 25. Qd2 Nxd6 26. exd6 Qc5+ 27. Kh1 Red8 28. d7 Rc7 29. Rd4 h6 30. f4 Kf8 31. Qd3 Ke7 32. h3 g6 33. Qd2 Qxd4 34. Qxd4 Rcxd7 35. Qg7 Rxd1+ 36. Kh2 h5 37. f5 exf5 38. Qe5+ Kd7 39. c5 Kc6 40. cxb6 axb6 41. Qf6+ R8d6 42. Qxf7 R1d4 43. Qb3 b5 44. Qf3+ Kb6 45. Qa8 f4 46. a3 h4 47. Qb8+ Kc5 48. Qc8+ Kd5 49. Qg8+ Kc5 50. Qc8+ Kd5 51. Qg8+ 1/2-1/2

[Event "Romanian Superliga 2024"]
[Site "Mamaia"]
[Date "2024.09.29"]
[Round "2.12"]
[White "Corbu, George-Alexandru"]
[Black "Coca, Cristi-Iulian"]
[Result "0-1"]
[ECO "E90"]
[WhiteElo "2039"]
[BlackElo "2233"]
[Annotator "RC"]
[PlyCount "92"]
[EventDate "2024.09.26"]
[EventType "team-tourn"]
[EventCountry "ROU"]
[SourceTitle "playchess.com"]
[Source "ChessBase"]
[SourceQuality "1"]
[TimeControl "40/5400+30:1800+30"]

1. d4 Nf6 2. c4 g6 3. Nc3 Bg7 4. e4 d6 5. Nf3 O-O 6. h3 e5 7. d5 Na6 8. Bg5 Qe8 9. g4 Nd7 10. Rg1 Kh8 11. Nd2 Ndc5 12. a3 f6 13. Be3 f5 14. b4 f4 15. Bxc5 dxc5 16. b5 Nb8 17. Nb3 Qe7 18. Be2 Nd7 19. Qd3 a6 20. d6 cxd6 21. O-O-O f3 22. Bxf3 Nb6 23. Be2 axb5 24. Nxb5 Be6 25. Qxd6 Qg5+ 26. Kb1 Bxc4 27. Qxb6 Bxe2 28. Rd7 Qf4 29. Nc3 Bc4 30. Nd2 Qxf2 31. Rc1 Bg8 32. Kb2 Rf6 33. Qb5 Rfa6 34. a4 Be6 35. Rf1 Bxd7 36. Qxd7 Qd4 37. Rf7 Rd6 38. Qxb7 Qxd2+ 39. Kb3 c4+ 40. Kxc4 Qd4+ 41. Kb5 Qd3+ 42. Kb4 Rd4+ 43. Kb3 Qc4+ 44. Kc2 Rc8 45. Rf3 Qxa4+ 46. Kc1 Bh6+ 0-1

[Event "Romanian Superliga 2024"]
[Site "Mamaia"]
[Date "2024.09.29"]
[Round "2.13"]
[White "Shevchenko, Kirill"]
[Black "Theodorou, Nikolas"]
[Result "1-0"]
[ECO "C79"]
[WhiteElo "2673"]
[BlackElo "2619"]
[Annotator "TA"]
[PlyCount "49"]
[EventDate "2024.09.26"]
[EventType "team-tourn"]
[EventCountry "ROU"]
[SourceTitle "playchess.com"]
[Source "ChessBase"]
[SourceQuality "1"]
[TimeControl "40/5400+30:1800+30"]

1. e4 e5 2. Nf3 Nc6 3. Bb5 a6 4. Ba4 Nf6 5. O-O d6 6. Re1 Bd7 7. c3 g6 8. d4 Bg7 9. h3 O-O 10. Bc2 Nh5 11. a4 {[%emt 0:02:06] White is slightly better.} Qe8 12. Na3 b5 13. Be3 Rb8 14. axb5 axb5 15. Qd2 f5 16. Bh6 f4 (16... fxe4 $11 17. Bxe4 Qe7) 17. Bb3+ $16 Kh8 18. Bxg7+ Kxg7 19. Nc2 g5 20. dxe5 (20. Nxg5 Qg6 21. Nf3 (21. h4 h6 $15) 21... Bxh3 $19) 20... Nxe5 21. Nxe5 (21. Nxg5 $2 {too greedy.} Qg6 22. Nd4 (22. h4 $2 h6 $19) 22... Qxg5 $19) 21... dxe5 22. Ra7 Rc8 23. Nb4 {[%emt 0:02:11] [#] Threatens to win with Nd5.} Rf6 (23... Nf6 $142 24. Nd5 Nxd5) 24. Na6 $18 Qd8 (24... Rd6 25. Qe2 Rxa6 26. Rxa6 Nf6) 25. Nc5 {[%emt 0:03:54] Weighted Error Value: White=0.06 (flawless) /Black=0.41.  Mistake:       	---       	Black=3      Inaccurate:     	White=1     	Black=2      OK:         	White=9     	Black=3      Best:        	White=1     	Black=1} 1-0

[Event "Romanian Superliga 2024"]
[Site "Mamaia"]
[Date "2024.09.29"]
[Round "2.14"]
[White "Kourkoulos-Arditis, Stamatis"]
[Black "Lupulescu, Constantin"]
[Result "1/2-1/2"]
[ECO "B40"]
[WhiteElo "2570"]
[BlackElo "2590"]
[Annotator "TA"]
[PlyCount "81"]
[EventDate "2024.09.26"]
[EventType "team-tourn"]
[EventCountry "ROU"]
[SourceTitle "playchess.com"]
[Source "ChessBase"]
[SourceQuality "1"]
[TimeControl "40/5400+30:1800+30"]

1. e4 c5 2. Nf3 e6 3. d4 cxd4 4. Nxd4 Nf6 5. Bd3 Nc6 6. Nxc6 bxc6 7. Bf4 {[%emt 0:00:17] is cutting edge theory. B40: Sicilian: 2...e6, Unusual lines.} d5 8. Nd2 g6 9. c3 Nh5 10. Be3 Bd6 11. O-O O-O 12. Re1 $146 ({Predecessor:} 12. b4 e5 13. Be2 Ng7 14. exd5 cxd5 15. Nb3 Bc7 16. Bc5 Re8 17. Bb5 Re6 18. Qd2 {0-1 Lavrencic,M (2319)-Lagarde,M (2626) Bayern-chI Bank Hofmann 26th 2023 (7)}) 12... e5 (12... Re8 $5) 13. Rc1 Be6 14. exd5 cxd5 15. c4 d4 16. Bh6 Re8 17. c5 Bc7 18. Bb5 Bd7 19. Bxd7 Qxd7 20. c6 Qd5 21. Ne4 f5 22. Nc5 ({Much weaker is} 22. Rc5 Qxa2 23. Nd2 Nf6 $17 (23... Qxb2 24. Qa4 $11)) 22... Nf6 (22... Qxa2 $2 {too greedy.} 23. b3 Qa3 24. Qe2 $18) ({Reject} 22... Qxc6 $6 23. Qb3+ Kh8 24. Nd3 $16) 23. Nd7 Qf7 (23... Re6 $11) 24. f3 (24. Qa4 $14) 24... Bd6 25. Qa4 Nxd7 $1 26. cxd7 Red8 27. Qa6 Qxd7 28. Rc6 $1 Bf8 29. Bxf8 Kxf8 30. Rxe5 d3 31. Qa3+ Kg8 (31... Kf7 $5 32. Qb3+ $8 Kg7 $11) 32. Qb3+ Qf7 (32... Kg7 $5 33. Qc3 $8 Qd4+ 34. Qxd4 Rxd4 $11) 33. Qxf7+ Kxf7 34. Re1 Rd7 35. Kf2 Rb8 36. b3 Rb5 37. Rc3 Rbd5 38. Rd1 d2 39. f4 Rd4 40. g3 Kg7 41. Rc2 1/2-1/2

[Event "Romanian Superliga 2024"]
[Site "Mamaia"]
[Date "2024.09.29"]
[Round "2.15"]
[White "Motylev, Alexander"]
[Black "Marin, Mihail"]
[Result "1-0"]
[ECO "B03"]
[WhiteElo "2582"]
[BlackElo "2455"]
[Annotator "TA"]
[PlyCount "61"]
[EventDate "2024.09.26"]
[EventType "team-tourn"]
[EventCountry "ROU"]
[SourceTitle "playchess.com"]
[Source "ChessBase"]
[SourceQuality "1"]
[TimeControl "40/5400+30:1800+30"]

1. e4 Nf6 2. e5 Nd5 3. c4 Nb6 4. d4 d6 5. f4 dxe5 6. fxe5 Nc6 7. Be3 Bf5 8. Nc3 e6 9. Be2 Be7 10. Nf3 O-O 11. O-O f6 12. exf6 Bxf6 13. Qd2 Qe7 14. Rad1 Rad8 15. Kh1 h6 16. h3 Kh8 17. Bg1 {[%emt 0:01:43] White is slightly better.} Rd7 18. c5 Nd5 19. Bb5 Qd8 20. Qe1 Ndb4 21. Rd2 ({Much worse is} 21. a3 Nc2 22. Qd2 N2xd4 $11) 21... a6 22. Ba4 b5 23. cxb6 cxb6 24. Ne4 b5 25. Nxf6 (25. Bb3 $5) 25... Rxf6 26. Bb3 Na5 27. Ne5 Nxb3 $1 28. axb3 Rc7 {[%emt 0:01:37] [#]} (28... Rb7 $11 {remains equal.}) 29. d5 $1 $16 exd5 {[%emt 0:08:20] [#]} 30. Qh4 $1 {[%emt 0:03:45] Rxf5 is the strong threat.} Qe7 $2 {[%emt 0:05:54][%mdl 8192] [#]} (30... Qc8 $16 {is a better chance.}) 31. Rxf5 $1 {[%emt 0:01:04][%mdl 512] Weighted Error Value: White=0.03 (flawless) /Black=0.34.  Loses game:     	---       	Black=1      Mistake:       	---       	Black=1      Inaccurate:     	White=1     	---        OK:         	White=7     	Black=7      Best:        	---       	Black=1      Strong:       	White=1     	Black=1      Brilliant:      	White=2     	---} 1-0

[Event "Romanian Superliga 2024"]
[Site "Mamaia"]
[Date "2024.09.29"]
[Round "2.16"]
[White "Miron, Lucian-Costin"]
[Black "Parligras, Mircea-Emilian"]
[Result "1/2-1/2"]
[ECO "C67"]
[WhiteElo "2473"]
[BlackElo "2537"]
[Annotator "TA"]
[PlyCount "63"]
[EventDate "2024.09.26"]
[EventType "team-tourn"]
[EventCountry "ROU"]
[SourceTitle "playchess.com"]
[Source "ChessBase"]
[SourceQuality "1"]
[TimeControl "40/5400+30:1800+30"]

1. e4 e5 2. Nf3 Nc6 3. Bb5 Nf6 4. O-O Nxe4 5. Re1 Nd6 6. Nxe5 Nxe5 7. Rxe5+ Be7 8. Bf1 O-O 9. d4 Bf6 10. Re1 Re8 11. Bf4 Rxe1 12. Qxe1 Ne8 13. Nc3 Bxd4 14. Nd5 d6 15. Bg5 f6 16. Bh4 {[%emt 0:00:10] Threatens to win with Qe4.} g5 17. Qe4 Bxb2 18. Re1 Be5 {[%emt 0:00:47][%cal Oc8e6] [#] ...Be6! is the strong threat.} 19. f4 gxh4 20. fxe5 dxe5 {[%emt 0:00:07] ...Be6 would now be deadly.} 21. Bd3 $1 Kf8 {[%emt 0:00:51] With the idea ...h3.} 22. Ne3 Qe7 {[%emt 0:00:27] next ...h3 is good for Black.} 23. Qxh4 Be6 24. Bxh7 Rd8 25. Rf1 Rd4 26. Be4 {[%emt 0:01:07] The position is equal.} Qa3 27. Rxf6+ Nxf6 28. Qxf6+ Bf7 29. Qh8+ Bg8 30. Qf6+ Bf7 31. Qh8+ Bg8 32. Qf6+ {[%emt 0:00:03] An even fight not without its subleties.   Weighted Error Value: White=0.04 (flawless) /Black=0.02 (flawless) .  Inaccurate:     	White=1     	---        OK:         	White=9     	Black=11     Best:        	White=6     	Black=5      Strong:       	White=1     	---} 1/2-1/2

[Event "Romanian Superliga 2024"]
[Site "Mamaia"]
[Date "2024.09.29"]
[Round "2.17"]
[White "Gavrilescu, David"]
[Black "Secheres, Adrian-Simion"]
[Result "1-0"]
[ECO "C55"]
[WhiteElo "2547"]
[BlackElo "2344"]
[Annotator "RC"]
[PlyCount "63"]
[EventDate "2024.09.26"]
[EventType "team-tourn"]
[EventCountry "ROU"]
[SourceTitle "playchess.com"]
[Source "ChessBase"]
[SourceQuality "1"]
[TimeControl "40/5400+30:1800+30"]

1. e4 e5 2. Nf3 Nc6 3. Bc4 Nf6 4. d3 Be7 5. O-O O-O 6. Re1 d6 7. a4 Na5 8. Ba2 c5 9. c3 Nc6 10. Na3 h6 11. Bd2 Re8 12. Nc2 Bf8 13. Ne3 Be6 14. Bxe6 Rxe6 15. c4 Nh7 16. Nd5 a5 17. h4 Be7 18. g3 Rg6 19. Kh1 Nf6 20. Nh2 h5 21. Rg1 Nd4 22. Be3 Ng4 23. Nxg4 Rxg4 24. Rg2 Qf8 25. f3 Rg6 26. f4 Rg4 27. f5 Qd8 28. Bf2 g6 29. fxg6 Rxg6 30. Bxd4 cxd4 31. Qxh5 Kg7 32. Rf1 1-0